 Dungeon Crawl Stone Soup version 0.30-a0-883-g5ad918d77d (webtiles) character file.

Game seed: 15283207113398851784

151 Strat the Cudgeller (level 5, -6/39 HPs)
             Began as a Barachi Reaver on Mar 16, 2023.
             Mangled by an iguana (9 damage)
             ... on level 4 of the Dungeon.
             The game lasted 00:05:05 (2739 turns).

Strat the Cudgeller (Barachi Reaver)                Turns: 2739, Time: 00:05:06

Health: -6/39      AC:  3    Str: 15    XL:     5   Next: 33%
Magic:  6/8        EV: 11    Int: 13    God:
Gold:   121        SH:  0    Dex: 11    Spells: 5/8 levels left

rFire   . . .      SeeInvis .    a - +0 mace
rCold   . . .      Faith    .    (no shield)
rNeg    . . .      Spirit   .    b - +0 leather armour
rPois   .          Reflect  .    (no helmet)
rElec   .          Rampage  .    (no cloak)
rCorr   .                        (no gloves)
Will    .....                    (no boots)
Stlth   +                        o - amulet of magic regeneration
HPRegen 0.26/turn                (no ring)
MPRegen 0.51/turn                (no ring)

@: immotile, slow
A: amphibious, slowness 1, strong legs 1, +LOS
a: Hop


You were on level 4 of the Dungeon.
You visited 1 branch of the dungeon, and saw 4 of its levels.

You collected 121 gold pieces.

Inventory:

Hand Weapons
 a - a +0 mace (weapon)
Missiles
 f - 2 throwing nets
 i - 10 poisoned darts
Armour
 b - a +0 leather armour (worn)
Jewellery
 o - an amulet of magic regeneration (around neck)
Scrolls
 e - 2 scrolls of identify {unknown}
 g - a scroll of amnesia {unknown}
 h - 2 scrolls of vulnerability {unknown}
 j - 2 scrolls of blinking {unknown}
 k - 2 scrolls of poison {unknown}
 l - a scroll of teleportation {unknown}
 m - a scroll of fog {unknown}
 q - a scroll of immolation {unknown}
Potions
 c - 2 potions of degeneration {unknown}
 d - 4 potions of curing {unknown}
 n - a potion of might
 p - a potion of lignification {unknown}


   Skills:
 - Level 2.4 Fighting
 + Level 5.9 Maces & Flails
 - Level 2.1 Dodging
 - Level 2.1 Spellcasting
 - Level 4.0 Conjurations
 - Level 1.0 Translocations


You had 5 spell levels left.
You knew the following spells:

 Your Spells              Type           Power      Damage    Failure   Level
a - Kiss of Death         Conj/Necr      24%        2d7       14%         1
b - Momentum Strike       Conj/Tloc      14%        3d8       17%         2

Your spell library contained the following spells:

 Spells                   Type           Power      Damage    Failure   Level
 Sandblast                Erth           2%         2d4       30%         1
 Slow                     Hex            4%         N/A       30%         1
 Hailstorm                Conj/Ice       6%         3d4       38%         3
 Stone Arrow              Conj/Erth      12%        3d7       38%         3
 Passwall                 Tmut/Erth      0%         N/A       43%         2
 Kindle Blastsparks       Fire/Tloc/Air  4%         2d10      63%         3
 Confusing Touch          Hex            1%         N/A       67%         3
 Ignite Poison            Fire/Tmut/Pois 1%         N/A       67%         3
 Vampiric Draining        Necr           1%         2d6       67%         3
 Irradiate                Conj/Tmut      3%         3d12      98%         5
 Freezing Cloud           Conj/Ice/Air   2%         6-21      99%         5
 Blade Hands              Tmut           0%         N/A       100%        5
 Dragon Form              Tmut           0%         N/A       100%        7


Dungeon Overview and Level Annotations

Branches:
Dungeon (4/15)
 Temple: D:4-7

Altars:


Innate Abilities, Weirdness & Mutations

You are amphibious.
You cover ground slowly.
You can hop short distances.
You have an extended range of vision and can be seen from far away.


Message History

You kill the giant cockroach!
Things that are here:
a giant cockroach corpse; a jackal corpse
There is a stone staircase leading down here.
You start resting.
HP restored.
There is an open door here.
You see here a +0 dagger.
There is a stone staircase leading down here.
You climb downwards.
The iguana hisses angrily.
There is a stone staircase leading up here.
Casting: Momentum Strike (safe; 17% risk of failure)
Confirm with . or Enter, or press ? or * to list all spells.
Aiming: Momentum Strike (safe; 17% risk of failure)
Press: ? - help, Dir - move target, f - iguana
Aim: an iguana (72% to hit)
The concentrated momentum misses the iguana.
The iguana bites you!
Casting: Momentum Strike (safe; 17% risk of failure)
Confirm with . or Enter, or press ? or * to list all spells.
Aiming: Momentum Strike (safe; 17% risk of failure)
Press: ? - help, Dir - move target, f/p - iguana
Aim: an iguana (72% to hit)
The concentrated momentum hits the iguana!
The iguana is severely wounded.
You are unable to move.
The iguana hisses menacingly.
The iguana bites you!
* * * LOW HITPOINT WARNING * * *
You completely miss the iguana.
The iguana is severely wounded.
The iguana bites you!
* * * LOW HITPOINT WARNING * * *
You hit the iguana but do no damage.
The iguana is severely wounded.
The iguana bites you!
* * * LOW HITPOINT WARNING * * *
The iguana bites you!
You die...

## .. # #
..
#.##.#.
<..#. ...
#.####.##
#......@#
#......l#
#.......#
#.......#
#.......#
#.......#
#.....>.#
####.####
#.


You could see an iguana.

Vanquished Creatures
  A scorpion (D:3)
  2 adders (D:2)
  3 dart slugs
  An orc (D:3)
  11 ball pythons
  7 endoplasms
  4 giant cockroaches
  5 goblins
  5 hobgoblins
  A jackal (D:3)
  7 kobolds
  A quokka (D:1)
  6 bats
  2 frilled lizards
  9 rats
65 creatures vanquished.

Notes
Turn   | Place    | Note
-------+----------+-------------------------------------------
     0 | D:1      | Strat the Barachi Reaver began the quest for the Orb.
     0 | D:1      | Reached XP level 1. HP: 17/17 MP: 3/3
   101 | D:1      | Reached XP level 2. HP: 23/23 MP: 5/5
   113 | D:1      | Reached skill level 4 in Maces & Flails
   319 | D:1      | Learned a level 2 spell: Momentum Strike
   560 | D:1      | Reached XP level 3. HP: 23/28 MP: 6/6
   768 | D:2      | Reached skill level 1 in Translocations
  1252 | D:2      | Reached XP level 4. HP: 34/34 MP: 0/7
  1983 | D:3      | Noticed a scorpion
  2177 | D:3      | Reached skill level 5 in Maces & Flails
  2277 | D:3      | Killed a scorpion
  2278 | D:3      | Reached XP level 5. HP: 22/39 MP: 6/8
  2739 | D:4      | Mangled by an iguana

Illustrated notes

Levels and vault maps discovered:
D:1:      minmay_arrival_four_circles, layout_basic
D:2:      layout_loops_ring
D:3:      layout_basic
D:4:      layout_loops_cross, serial_shops, nicolae_shop_trees,
          hangedman_decor_push

Skill      XL: |  1  2  3  4 |
---------------+-------------+-----
Maces & Flails | 4 5 |  5.9
Translocations | 1 |  1.0
Conjurations   | 4 |  4.0
Fighting       | |  2.4
Dodging        | |  2.1
Spellcasting   | |  2.1

Action                     |  1- 3 |  4- 6 || total
---------------------------+-------+-------++-------
  Melee: Mace              |   103 |    80 ||   183
         Punch             |     2 |       ||     2
   Cast: Momentum Strike   |     6 |     8 ||    14
         Kiss of Death     |       |     1 ||     1
   Stab: Sleeping          |       |     1 ||     1
 Armour: Leather armour    |    41 |    29 ||    70
  Dodge: Dodged            |    70 |    56 ||   126

Table legend: (Time is in decaauts)
 A = Elapsed time spent in this place.
 B = Non-inter-level travel time spent in this place.
 C = Inter-level travel time spent in this place.
 D = Time resting spent in this place.
 E = Time spent auto-exploring this place.
 F = Levels seen in this place.
 G = Mean time per level.
                   A        B        C        D        E       F      G
               +--------+--------+--------+--------+--------+-----+--------+
         Total |   3107 |   2914 |    193 |    212 |   2068 |   4 |  776.8 |
       Dungeon |   3107 |   2914 |    193 |    212 |   2068 |   4 |  776.8 |
               +--------+--------+--------+--------+--------+-----+--------+

Top non-repeatable levels by time:
     D:3: 1226 daAuts
     D:2: 1071 daAuts
     D:1: 795 daAuts
     D:4: 13 daAuts
